 Dungeon Crawl Stone Soup version 0.18.1-48-g4cf74bf (webtiles) character file.

7111 Gargoyl the Protected (level 10, -6/80 HPs)
             Began as a Demonspawn Abyssal Knight on July 4, 2016.
             Was a High Priest of Lugonu.
             Mangled by a wasp (8 damage)
             ... on level 10 of the Dungeon.
             The game lasted 00:22:16 (10754 turns).

Gargoyl the Protected (Demonspawn Abyssal Knight)  Turns: 10754, Time: 00:22:17

Health: -6/80      AC: 20    Str: 20    XL:     10   Next: 85%
Magic:  11/12      EV: 14    Int: 16    God:    Lugonu [*****.]
Gold:   376        SH:  0    Dex: 12    Spells: 0 memorised, 9 levels left

rFire  + . .     SeeInvis .     y - +1 broad axe
rCold  . . .     Gourm    .     t - +0 chain mail {rF+}
rNeg   . . .     Faith    .     (no shield)
rPois  .         Spirit   .     o - +1 helmet {Int+3}
rElec  .         Dismiss  .     C - +1 cloak
rCorr  .         Reflect  .     (gloves unavailable)
SustAt .         Harm     .     p - +0 pair of boots
MR     .....                    (no amulet)
Stlth  ..........               s - +5 ring of evasion
                                w - +3 ring of strength

@: not resistant to hostile enchantments, extremely unstealthy
A: claws 3, yellow scales 1, nightstalker 1, powered by pain 1
a: Depart the Abyss, Bend Space, Banish, Corrupt, Enter the Abyss, Renounce
Religion


You were on level 10 of the Dungeon.
You worshipped Lugonu.
Lugonu was extremely pleased with you.
You were hungry.

You visited 1 branch of the dungeon, and saw 10 of its levels.
You visited the Abyss 1 time.

You collected 608 gold pieces.
You spent 232 gold pieces at shops.

Inventory:

Hand Weapons
 v - a +0 war axe
 y - a +1 broad axe (weapon)
Missiles
 n - 4 poisoned javelins (quivered)
Armour
 o - a +1 helmet of intelligence (worn)
 p - a +0 pair of boots (worn)
 t - a +0 chain mail of fire resistance (worn)
 C - a +1 cloak (worn)
Jewellery
 i - an uncursed ring of flight
 s - a +5 ring of evasion (right claw)
 w - a +3 ring of strength (left claw)
 x - a +2 ring of dexterity
Wands
 d - a wand of confusion (25/48)
 e - a wand of digging (0/24)
Scrolls
 j - a scroll of amnesia
 l - a scroll of identify
 q - a scroll of fear
 r - a scroll of remove curse
Books
 m - a Grand Grimoire

   Spells                             Type                      Level
   a - Monstrous Menagerie            Summoning                    7
   b - Summon Greater Demon           Summoning                    7
   c - Malign Gateway                 Summoning/Translocation      7
   d - Summon Horrible Things         Summoning                    8
 A - a book of Fire

   Spells                             Type                      Level
   a - Ignite Poison                  Fire/Transmutation/Poison    3
   b - Fireball                       Conjuration/Fire             5
   c - Bolt of Fire                   Conjuration/Fire             6
   d - Delayed Fireball               Conjuration/Fire             7
   e - Ring of Flames                 Charms/Fire                  7
Comestibles
 a - a beef jerky
 b - 3 meat rations
 c - 5 bread rations
 f - a slice of pizza
 g - a royal jelly


   Skills:
 + Level 7.8 Fighting
 + Level 8.3 Axes
 + Level 0.1 Throwing
 * Level 10.3 Armour
 + Level 4.1 Dodging
 + Level 1.3 Stealth
 + Level 3.5 Invocations


You had 9 spell levels left.
You didn't know any spells.

Dungeon Overview and Level Annotations

Branches:
Dungeon (10/15)            Temple (0/1) D:5            Lair (0/8) D:9
    Orc (0/2) D:10

Altars:
Kikubaaqudgha
Makhleb
Nemelex Xobeh
Okawaru
Ru
Sif Muna
Trog
Vehumet
Zin

Shops:
D:4 **=   D:7 (


Innate Abilities, Weirdness & Mutations

You have claws for hands.
You are partially covered in yellow scales (AC +2).
You are slightly more attuned to the shadows.
You sometimes gain a little power by taking damage.


Message History

The quokka barely misses you.
An adder comes into view.
The quokka completely misses you.
A wasp comes into view.
An orc warrior comes into view. It is wielding a long sword.
You hit the orc.
The orc is heavily wounded.
You hit the quokka.
The quokka is almost dead.
The quokka bites you but does no damage. 2 orcs come into view.
Unknown command.
You aren't carrying any potions.
Unknown command.
Space bends around you!
You blink.
* * * LOW HITPOINT WARNING * * *
You feel slightly more hungry.
The orc shouts!
You hear a shout! x2
The wasp stings you!
You die...

.# .. . # .# .. #.
#.##..# #.##......
####....o.o.#
......@y.....
####.##So.... #
#o#.##. # #ยง#.#
###.##r#.##..#
......W....... ....
###.##.#.###.###....#
# #.#.......#....##
#5# ###.#.#.#....


You could see a wraith, an orc warrior, a wasp, an adder, 3 orcs and a quokka.

Vanquished Creatures
  Pikel (D:8)
  Maurice (D:9)
  A two-headed ogre (D:8)
  Sigmund (D:3)
  2 wraiths (D:10)
  9 yaks
  2 hippogriffs
  A sky beast (D:7)
  3 orc warriors
  An ice beast (D:9)
  A wasp (D:7)
  2 black bears
  2 eyes of draining
  4 ogres
  3 centaurs
  6 giant frogs
  2 gnoll sergeants
  2 scorpions
  9 killer bees (D:7)
  3 howler monkeys
  3 crimson imps
  A centaur zombie (D:4)
  A quasit (D:8)
  5 orc priests
  3 hounds
  A jelly (D:8)
  6 orc wizards
  A gnoll shaman (D:7)
  3 iguanas
  6 worker ants
  Robin (D:3)
  16 gnolls
  A howler monkey skeleton (D:5)
  10 adders
  2 shadow imps
  An ooze (D:4)
  3 adder skeletons
  3 worms
  3 dart slugs
  5 giant geckos
  35 orcs
  7 bats (D:1)
  4 giant cockroaches
  10 hobgoblins
  14 jackals
  14 kobolds
  4 quokkas
  2 ball pythons
  5 giant newts
  16 goblins
  A quokka skeleton (D:5)
  9 rats
252 creatures vanquished.

Vanquished Creatures (others)
  The ghost of Gravoth the Cleaver, a novice HuAr of Pakellas (D:9)
  A hungry ghost (D:8)
  An orc warrior (D:4)
  2 slaves (D:8)
  An orc wizard (D:8)
6 creatures vanquished.

Grand Total: 258 creatures vanquished

Notes
Turn   | Place    | Note
--------------------------------------------------------------
     0 | Abyss:1  | Gargoyl the Demonspawn Abyssal Knight began the quest for the Orb.
     0 | Abyss:1  | Reached XP level 1. HP: 18/18 MP: 2/2
    41 | Abyss:1  | Found a corrupted altar of Lugonu.
   106 | Abyss:1  | Noticed a large abomination
   186 | Abyss:1  | Noticed a starcursed mass
   190 | D:1      | Escaped the Abyss
   368 | D:1      | Reached skill level 2 in Armour
   373 | D:1      | Reached * piety under Lugonu
   373 | D:1      | Gained mutation: You are slightly more attuned to the shadows. [demonic ancestry]
   373 | D:1      | Reached XP level 2. HP: 19/24 MP: 3/3
   493 | D:1      | Reached skill level 1 in Dodging
   952 | D:1      | Reached XP level 3. HP: 29/29 MP: 4/4
  1327 | D:2      | Found a sacrificial altar of Ru.
  1331 | D:2      | Reached ** piety under Lugonu
  1612 | D:2      | Found a burning altar of Makhleb.
  2018 | D:2      | Gained mutation: You have sharp fingernails. [demonic ancestry]
  2018 | D:2      | Reached XP level 4. HP: 37/37 MP: 5/5
  2213 | D:3      | Noticed Robin
  2228 | D:3      | Killed Robin
  2366 | D:3      | Found a sparkling altar of Nemelex Xobeh.
  2470 | D:3      | Reached *** piety under Lugonu
  2576 | D:3      | Reached skill level 3 in Armour
  2760 | D:3      | Gained mutation: You are partially covered in yellow scales (AC +2). [demonic ancestry]
  2760 | D:3      | Reached XP level 5. HP: 31/42 MP: 3/6
  3287 | D:3      | Noticed Sigmund
  3318 | D:3      | Killed Sigmund
  3318 | D:3      | Reached skill level 4 in Armour
  3318 | D:3      | Gained mutation: You sometimes gain a little power by taking damage. [demonic ancestry]
  3318 | D:3      | Reached XP level 6. HP: 35/49 MP: 6/8
  3448 | D:4      | Found Imuqoiha's General Store.
  3541 | D:4      | Found Kuyw's Jewellery Shoppe.
  3581 | D:4      | Bought a +3 ring of strength for 157 gold pieces
  3581 | D:4      | Bought a +2 ring of dexterity for 75 gold pieces
  3755 | D:4      | Found Joaboh's Assorted Antiques.
  3879 | D:4      | Noticed an orc warrior
  4187 | D:4      | Banished an orc warrior
  4194 | D:4      | Reached skill level 5 in Armour
  4194 | D:4      | Reached XP level 7. HP: 5/55 MP: 9/9
  5088 | D:5      | Entered Level 5 of the Dungeon
  5130 | D:5      | Reached skill level 5 in Fighting
  5207 | D:5      | Gained mutation: You have very sharp fingernails. [demonic ancestry]
  5207 | D:5      | Reached XP level 8. HP: 55/62 MP: 10/10
  5228 | D:5      | Reached skill level 6 in Armour
  5352 | D:5      | Reached skill level 1 in Stealth
  5502 | D:5      | Found a staircase to the Ecumenical Temple.
  5600 | D:5      | Reached **** piety under Lugonu
  5719 | D:5      | Found a radiant altar of Vehumet.
  6146 | D:6      | Got a fine dagger
  6148 | D:6      | Identified the +9 dagger of Amorality {pierce, Int+5} (You found it on level 6 of the Dungeon)
  6169 | D:6      | Reached skill level 5 in Axes
  6670 | D:6      | Found a bloodstained altar of Trog.
  6685 | D:6      | Reached skill level 7 in Armour
  6953 | D:7      | Found Pirghouky's Weapon Boutique.
  7024 | D:7      | Gained mutation: You have claws for hands. [demonic ancestry]
  7024 | D:7      | Reached XP level 9. HP: 69/69 MP: 11/11
  7579 | D:7      | Reached skill level 8 in Armour
  7637 | D:7      | Reached ***** piety under Lugonu
  7974 | D:7      | HP: 3/70 [poisoned by a killer bee]
  7978 | D:7      | Found an ancient bone altar of Kikubaaqudgha.
  8645 | D:8      | Reached XP level 10. HP: 13/77 MP: 12/12
  8651 | D:8      | Reached skill level 9 in Armour
  8994 | D:8      | Found an iron altar of Okawaru.
  9101 | D:8      | Found a deep blue altar of Sif Muna.
  9141 | D:8      | Noticed Pikel
  9154 | D:8      | Killed Pikel
  9456 | D:8      | Found a glowing silver altar of Zin.
  9456 | D:8      | Found an ancient bone altar of Kikubaaqudgha.
  9725 | D:9      | Noticed Maurice
  9917 | D:9      | Killed Maurice
 10227 | D:9      | Found a staircase to the Lair.
 10246 | D:9      | Reached skill level 10 in Armour
 10479 | D:9      | Noticed Gravoth's ghost (novice HuAr)
 10492 | D:9      | Banished Gravoth's ghost
 10677 | D:10     | Entered Level 10 of the Dungeon
 10678 | D:10     | Found a staircase to the Orcish Mines.
 10734 | D:10     | HP: 4/80 [troll (8)]
 10738 | D:10     | HP: 1/80 [troll (2)]
 10754 | D:10     | HP: 2/80 [spatial distortion (3)]
 10754 | D:10     | Mangled by a wasp

Skill      XL: |  1  2  3  4  5  6  7  8  9 10 |
---------------+-------------------------------+-----
Armour         | 2 3 4 5 7 8 10 | 10.3
Axes           | 2 3 4 5 7 8 |  8.3
Dodging        | 1 2 3 4 |  4.1
Fighting       | 4 5 6 7 |  7.8
Invocations    | 3 |  3.5
Stealth        | 1 |  1.3
Throwing       | |  0.1

Action                   |  1- 3 |  4- 6 |  7- 9 | 10-12 || total
-------------------------+-------+-------+-------+-------++-------
Melee: Hand axe          |   125 |   219 |   313 |       ||   657
       Broad axe         |       |       |   182 |   258 ||   440
Throw: Javelin           |       |       |       |     2 ||     2
Invok: Depart the Abyss  |     1 |       |       |       ||     1
       Banish            |       |     2 |       |     1 ||     3
       Bend Space        |       |       |       |     1 ||     1
  Use: Scroll            |     2 |     1 |    17 |     3 ||    23
       Potion            |       |     7 |     4 |     3 ||    14
 Stab: Invisible         |       |     1 |       |       ||     1
  Eat: Chunk             |     3 |     3 |    11 |     7 ||    24
       Fruit             |       |     5 |       |       ||     5
       Bread ration      |       |     1 |       |       ||     1
       Beef jerky        |       |       |     1 |       ||     1
Armor: Chain mail        |   112 |   143 |   355 |   173 ||   783
Dodge: Dodged            |    48 |    84 |   475 |   234 ||   841
